Map: Kairos Junction LE

Players

Turing

  • Race: Zerg Zerg
  • League: Master
  • Spawn Location: 5:00

Bundaberg - Winner!

  • Race: Zerg Zerg
  • League: Master
  • Spawn Location: 11:00

VOD

Have the link to the VOD?

Description

Time

  • Played on: Feb. 10, 2019, 2:24 a.m.
  • Length: 7:39
Show
View Real Time Build Order
Export as new Build Order

Turing Zerg 

Build Orders: Hatch First 

Get SALT Encoding   

  12  0:00  Drone  
  13  0:12  Overlord  
  13  0:16  Drone  
  14  0:30  Drone x2  
  16  0:36  Drone  
  17  0:52  Hatchery  
  17  0:55  Drone  
  17  0:58  Drone  
  18  1:08  Extractor  
  17  1:12  Spawning Pool  
  17  1:16  Drone  
  17  1:19  Drone  
  18  1:28  Drone  
  20  1:41  Overlord  
  20  1:59  Zergling x2, Queen  
  23  2:02  Spine Crawler, Zergling x2  
  23  2:13  Zergling x2  
  21  2:25  Zergling x2  
  19  2:35  Metabolic Boost, Drone  
  20  2:39  Queen  
  22  2:46  Zergling x2  
  22  3:02  Hatchery  
  21  3:11  Drone x3  
  24  3:23  Drone x2  
  26  3:33  Baneling Nest, Drone  
  26  3:36  Drone  
  27  3:48  Overlord  
  27  4:05  Overlord x2  
  27  4:11  Drone  
  27  4:14  Drone  
  29  4:17  Baneling  
  29  4:23  Drone  
  30  4:24  Drone  
  30  4:25  Drone x2  
  30  4:30  Drone  
  34  4:35  Drone  
  35  4:39  Drone  
  36  4:46  Drone  
  36  4:47  Lair  
  37  4:58  Drone x2  
  37  4:59  Drone x5  
  44  5:04  Extractor  
  44  5:05  Extractor x2  
  41  5:09  Drone  
  41  5:10  Drone  
  41  5:13  Drone  
  44  5:17  Drone  
  45  5:21  Drone x3  
  48  5:32  Drone x5  
  53  5:41  Overlord  
  53  5:45  Spire  
  52  5:54  Overlord x2  
  51  6:01  Hatchery  
  49  6:04  Overlord x2  
  49  6:07  Zergling x10  
  54  6:19  Drone x2, Spine Crawler  
  54  6:20  Spine Crawler  
  54  6:22  Spine Crawler  
  53  6:51  Spine Crawler x2  
  51  6:56  Mutalisk x7  
  65  7:06  Zergling x6  
Show
View Real Time Build Order
Export as new Build Order

Bundaberg Zerg - Winner!

Build Orders: Pool First 

Get SALT Encoding   

  12  0:18  Spawning Pool  
  11  0:22  Drone  
  11  0:26  Drone  
  13  0:31  Drone  
  14  0:40  Overlord  
  14  1:05  Zergling x2  
  14  1:06  Zergling x4  
  17  1:16  Zergling x2  
  18  1:21  Hatchery  
  17  1:27  Zergling x2  
  18  1:34  Queen  
  18  1:39  Zergling x2  
  21  1:48  Overlord  
  21  2:06  Drone  
  21  2:25  Drone x2  
  21  2:26  Queen  
  22  2:37  Queen  
  22  2:42  Drone x2  
  25  2:56  Drone x4  
  29  2:58  Drone  
  29  2:59  Drone x2  
  29  3:04  Queen  
  34  3:11  Overlord  
  33  3:20  Spine Crawler  
  33  3:22  Queen  
  33  3:26  Drone x2  
  36  3:28  Extractor  
  36  3:31  Drone  
  36  3:32  Extractor  
  36  3:33  Drone  
  36  3:36  Drone  
  36  3:37  Drone  
  38  3:42  Drone  
  38  3:43  Drone  
  40  3:51  Drone x3  
  43  3:58  Overlord  
  43  4:04  Drone  
  44  4:16  Drone x7  
  44  4:17  Drone  
  52  4:23  Overlord  
  52  4:28  Lair  
  52  4:36  Extractor  
  51  4:39  Evolution Chamber  
  51  4:40  Roach Warren  
  49  4:47  Drone x3  
  52  4:54  Overlord x3  
  52  5:01  Overlord x3  
  52  5:04  Zerg Missile Weapons Level 1  
  54  5:21  Roach  
  54  5:22  Roach x7  
  54  5:25  Glial Reconstitution  
  68  5:36  Drone  
  68  5:37  Extractor, Drone  
  68  5:41  Drone  
  70  5:45  Nydus Network  
  69  5:55  Roach  
  69  5:56  Roach x4  
  79  6:08  Roach x4  
  87  6:19  Roach  
  87  6:20  Roach x3  
  95  6:26  Nydus Canal  
  95  6:29  Overlord x2  
  95  6:30  Roach  
  95  6:31  Roach  
  99  6:36  Roach  
  101  6:44  Hatchery  
  100  6:48  Roach x4  
  108  6:58  Queen x2  
  112  7:07  Roach x5  
  122  7:15  Spore Crawler  
  121  7:16  Spore Crawler  
  121  7:20  Spore Crawler  
  115  7:37  Spore Crawler  
Tags
 
Add a new tag
Caveats
  • Supply blocks, unpowered buildings, or Contaminate may cause inaccurate times.
  • Supply counts are checked every 10 seconds.